 Dungeon Crawl Stone Soup version 0.31.0-11-ge490571c62 (webtiles) character file.

Game seed: 233417288218654717

366 qw the Skirmisher (level 6, -2/35 HPs)
             Began as a Deep Elf Hunter on Feb 4, 2024.
             Slain by an ogre
             ... wielding a +0 giant club
              (27 damage)
             ... on level 5 of the Dungeon.
             The game lasted 00:00:10 (2414 turns).

qw the Skirmisher (Deep Elf Hunter)                 Turns: 2414, Time: 00:00:11

Health: -2/35      AC:  5    Str: 10    XL:     6   Next: 40%
Magic:  8/8        EV: 11    Int: 14    God:
Gold:   188        SH:  0    Dex: 18    Spells: 5/5 levels left

rFire   . . .        a - +0 shortbow
rCold   . . .        (shield currently unavailable)
rNeg    . . .        j - +0 ring mail
rPois   .            (no helmet)
rElec   .            (no cloak)
rCorr   .            (no gloves)
SInv    .            (no boots)
Will    .....        k - amulet of regeneration
Stlth   +            (no ring)
HPRegen 1.05/turn    (no ring)
MPRegen 0.11/turn

%: no passive effects
@: about to teleport
A: no striking features
a: no special abilities


You were on level 5 of the Dungeon.
You visited 1 branch of the dungeon, and saw 5 of its levels.

You collected 188 gold pieces.


   Skills:
 - Level 2.1 Fighting
 + Level 9.9 Ranged Weapons
 - Level 2.4 Dodging
 - Level 1.2 Stealth


You had 5 spell levels left.
You didn't know any spells.
Your spell library was empty.

Inventory:

Hand Weapons
 a - a +0 shortbow (weapon)
Armour
 j - a +0 ring mail (worn)
Jewellery
 k - an amulet of regeneration (around neck)
Wands
 d - a wand of paralysis (1)
Potions
 f - a potion of might
 g - a potion of curing
 i - a potion of heal wounds

Dungeon Overview and Level Annotations

Branches:
Dungeon (5/15)
 Temple: D:4-7

Altars:


Message History

As you read the scroll labelled LOINOSH METUTO, it crumbles to dust.
You feel strangely unstable.
It was a scroll of teleportation.
You start waiting.
Your surroundings suddenly seem different.
Done exploring.
2393 ||| READING scroll labelled UGALAOPSYR.
Blink to where?
Press: ? - help, Dir - move target, f - you
As you read the scroll labelled UGALAOPSYR, it crumbles to dust.
It was a scroll of blinking.
Done exploring.
2394 ||| DROPPING potion of invisibility.
You drop a potion of invisibility.
Done exploring.
2395 ||| DROPPING scroll of silence.
You drop a scroll of silence.
Done exploring.
What level of the Dungeon? (default 4, ? - help)
There is a stone staircase leading down here.
You climb downwards.
Found a mace, a war axe and a potion of curing.
There is a stone staircase leading up here.
An ogre is nearby!
Waypoint 4 assigned to D:5.
You shoot an arrow. The arrow hits the ogre.
The ogre shouts!
The ogre is lightly wounded.
You shoot an arrow. The arrow hits the ogre!
The ogre is heavily wounded.
You shoot an arrow. The arrow barely misses the ogre.
You shoot an arrow. The arrow hits the ogre.
The ogre is severely wounded.
The ogre hits you with a +0 giant club!!
Ouch! That really hurt!
2413 ||| READING scroll of teleportation.
As you read the scroll of teleportation, it crumbles to dust.
You feel strangely unstable.
2414 ||| DRINKING 2 potions of heal wounds.
You feel much better.
The ogre hits you with a +0 giant club!!
Ouch! That really hurt!
You die...

#.# #.# #.#
... #.#
######.######.
#.............
#.....@....#
#.)....O...#
#..........#
#!...).....#
############


You could see an ogre.

Vanquished Creatures
  Grinder (D:4)
  An orc priest (D:4)
  7 adders
  2 dart slugs
  A ribbon worm (D:2)
  4 orcs
  6 bats
  5 endoplasms
  6 giant cockroaches
  5 hobgoblins
  6 jackals
  5 kobolds
  4 quokkas
  9 ball pythons
  4 frilled lizards
  3 goblins
  7 rats
76 creatures vanquished.

Notes
Turn   | Place    | Note
-------+----------+-------------------------------------------
     0 | D:1      | qw the Deep Elf Hunter began the quest for the Orb.
     0 | D:1      | Reached XP level 1. HP: 12/12 MP: 3/3
     0 | D:1      | 0 ||| qw: Version: 0.3-a-160-g6735b56
     0 | D:1      | 0 ||| qw: Game counter: 4459
     0 | D:1      | 0 ||| qw: Melee chars always use a shield: true
     0 | D:1      | 0 ||| qw: God list: Okawaru
     0 | D:1      | 0 ||| qw: Allow faded altars: false
     0 | D:1      | 0 ||| qw: Do Orc after clearing Dungeon:15 true
     0 | D:1      | 0 ||| qw: Do second Lair branch before Depths: true
     0 | D:1      | 0 ||| qw: Lair rune preference: random
     0 | D:1      | 0 ||| qw: Goals: Normal
     0 | D:1      | 0 ||| PLANNING D:1-11
   181 | D:1      | Reached skill level 6 in Ranged Weapons
   181 | D:1      | Reached XP level 2. HP: 16/16 MP: 4/4
   600 | D:1      | Reached XP level 3. HP: 13/20 MP: 5/5
   647 | D:1      | 647 ||| READING scroll labelled FOCETACIRGH.
   648 | D:1      | 648 ||| READING scroll labelled ZOEPRI QOXAXU.
   649 | D:1      | 649 ||| READING scroll labelled ZIECROPRUUGO.
   649 | D:1      | 649 ||| ENCHANTING +0 shortbow.
   650 | D:1      | 650 ||| DRINKING 2 purple potions.
   651 | D:1      | 651 ||| DROPPING scroll of butterflies.
   732 | D:2      | Reached skill level 7 in Ranged Weapons
   992 | D:2      | Reached XP level 4. HP: 23/25 MP: 6/6
  1144 | D:2      | 1144 ||| UPGRADING to +0 ring mail.
  1154 | D:2      | 1154 ||| DROPPING +0 leather armour.
  1155 | D:2      | 1155 ||| UPGRADING to amulet of regeneration.
  1160 | D:2      | 1160 ||| READING 3 scrolls labelled ANUANUA MORPH.
  1160 | D:2      | 1160 ||| IDENTIFYING sedimented amethyst potion
  1161 | D:2      | 1161 ||| READING 2 scrolls of identify.
  1161 | D:2      | 1161 ||| IDENTIFYING bubbling grey potion
  1162 | D:2      | 1162 ||| READING scroll of identify.
  1162 | D:2      | 1162 ||| IDENTIFYING murky grey potion
  1163 | D:2      | 1163 ||| READING scroll labelled DESASE ROMUSI.
  1164 | D:2      | 1164 ||| READING scroll labelled SUACLU AREJO.
  1165 | D:2      | 1165 ||| DROPPING potion of berserk rage.
  1377 | D:3      | Reached skill level 8 in Ranged Weapons
  1704 | D:3      | 1704 ||| READING scroll labelled BIWANG QIEN EPSU.
  1705 | D:3      | 1705 ||| READING scroll labelled XUJOICH LOADES.
  1707 | D:3      | 1707 ||| Stepping ~*~*~tactically~*~*~ (cloud).
  1848 | D:4      | Noticed Grinder
  1849 | D:4      | 1849 ||| ZAPPING wand of paralysis (3) at -1,1 (Grinder;
                  | floor).
  1850 | D:4      | 1850 ||| ZAPPING wand of paralysis (2) at -1,1 (Grinder;
                  | floor).
  1856 | D:4      | Killed Grinder
  1857 | D:4      | Reached skill level 9 in Ranged Weapons
  1857 | D:4      | Reached XP level 5. HP: 29/29 MP: 7/7
  1857 | D:4      | Reached XP level 6. HP: 34/34 MP: 8/8
  2388 | D:4      | 2388 ||| READING 2 scrolls of identify.
  2388 | D:4      | 2388 ||| IDENTIFYING bubbling pink potion
  2389 | D:4      | 2389 ||| READING scroll of identify.
  2389 | D:4      | 2389 ||| IDENTIFYING scroll labelled DIQ GOSTRAX
  2390 | D:4      | 2390 ||| READING 2 scrolls labelled LOINOSH METUTO.
  2393 | D:4      | 2393 ||| READING scroll labelled UGALAOPSYR.
  2394 | D:4      | 2394 ||| DROPPING potion of invisibility.
  2395 | D:4      | 2395 ||| DROPPING scroll of silence.
  2408 | D:5      | Entered Level 5 of the Dungeon
  2412 | D:5      | HP: 3/35 [ogre/+0 giant club (32)]
  2413 | D:5      | 2413 ||| READING scroll of teleportation.
  2414 | D:5      | 2414 ||| DRINKING 2 potions of heal wounds.
  2414 | D:5      | Slain by an ogre

Levels and vault maps discovered:
D:1:      mrwooster_arrival_statue_3, layout_basic
D:2:      layout_basic
D:3:      layout_loops_ring
D:4:      layout_basic, uniq_grinder
D:5:      lemuel_insect_pit, layout_rooms, fedhas_altar_fruit_tree,
          nicolae_overflow_quartered_altars, temple_doors_e

Skill      XL: |  1  2  3  4  5  6 |
---------------+-------------------+-----
Ranged Weapons | 6 7 9 |  9.9
Fighting       | 2 |  2.1
Dodging        | |  2.4
Stealth        | |  1.2

Action                     |  1- 3 |  4- 6 || total
---------------------------+-------+-------++-------
   Fire: Shortbow          |   122 |   111 ||   233
  Evoke: Wand              |       |     2 ||     2
    Use: Scroll            |     3 |    12 ||    15
         Potion            |     1 |     1 ||     2
 Armour: Leather armour    |    28 |     1 ||    29
         Ring mail         |       |    29 ||    29
  Dodge: Dodged            |    33 |    29 ||    62

Table legend:
 A = Non-vault XP
 B = Vault XP
 C = Vault XP percentage of total XP
 D = Non-vault monster count
 E = Vault monster count
 F = Vault count percentage of total count
                 A         B        C        D         E       F
            +---------+---------+-------+---------+---------+-------
      Total |     256 |     267 |  51.1 |      75 |       1 |   1.3
            +---------+---------+-------+---------+---------+-------
        D:1 |      44 |       0 |   0.0 |      25 |       0 |   0.0
        D:2 |      79 |       0 |   0.0 |      19 |       0 |   0.0
        D:3 |      36 |       0 |   0.0 |      15 |       0 |   0.0
        D:4 |      97 |     267 |  73.4 |      16 |       1 |   5.9
            +---------+---------+-------+---------+---------+-------
